 Dungeon Crawl Stone Soup version 0.30.0-19-g36f170ea60 (webtiles) character file.

Game seed: 16430713230135057429

56 Graphine the Conjurer (level 3, -3/20 HPs)
             Began as a Deep Elf Conjurer on May 31, 2023.
             Slain by a scorpion (5 damage)
             ... on level 2 of the Dungeon.
             The game lasted 00:05:53 (1216 turns).

Graphine the Conjurer (Deep Elf Conjurer)           Turns: 1216, Time: 00:05:54

Health: -3/20      AC:  4    Str:  4    XL:     3   Next: 69%
Magic:  0/10       EV: 12    Int: 24    God:
Gold:   77         SH:  0    Dex: 13    Spells: 5/10 levels left

rFire   . . .        k - staff of air
rCold   . . .        (no shield)
rNeg    . . .        a - +1 robe
rPois   .            (no helmet)
rElec   +            (no cloak)
rCorr   .            g - +0 pair of gloves
SInv    .            (no boots)
Will    .....        (no amulet)
Stlth   ++           (no ring)
HPRegen 0.23/turn    (no ring)
MPRegen 0.12/turn

%: no passive effects
@: lethally poisoned (-3 -> -9), weak-willed
A: no striking features
a: no special abilities


You were on level 2 of the Dungeon.
You visited 1 branch of the dungeon, and saw 2 of its levels.

You collected 77 gold pieces.

Inventory:

Hand Weapons
 i - a +2 short sword of electrocution
Armour
 a - a +1 robe (worn)
 g - a +0 pair of gloves (worn)
Magical Staves
 k - a staff of air (weapon)
Scrolls
 e - 2 scrolls of identify
 f - a scroll of teleportation
Potions
 b - a potion of might
 d - a potion of mutation
 h - a potion of degeneration {unknown}
 j - a potion of curing {unknown}
 l - a potion of cancellation {unknown}


   Skills:
 * Level 1.2 Fighting
 - Level 2.4 Dodging
 - Level 2.4 Stealth
 * Level 4.1 Spellcasting
 * Level 4.9 Conjurations
 + Level 0.5 Air Magic


You had 5 spell levels left.
You knew the following spells:

 Your Spells              Type           Power      Damage    Failure   Level
a - Magic Dart            Conj           100%       1d8       1%          1
b - Beastly Appendage     Tmut           8%         N/A       10%         1
c - Spider Form           Tmut/Pois      4%         N/A       28%         3

Your spell library contained the following spells:

 Spells                   Type           Power      Damage    Failure   Level
 Searing Ray              Conj           56%        2d6       1%          2
 Dazzling Flash           Conj/Hex       32%        N/A       11%         3
 Wereblood                Tmut           4%         N/A       14%         2
 Vhi's Electric Charge    Tloc/Air       18%        N/A       26%         3
 Fulminant Prism          Conj/Hex       8%         3d7       34%         4
 Iskenderun's Mystic Bla  Conj/Tloc      16%        2d5       34%         4
 Arcjolt                  Conj/Air       13%        1d23      65%         5
 Plasma Beam              Fire/Air       4%         2x1d16    100%        6


Dungeon Overview and Level Annotations

Branches:
Dungeon (2/15)

Altars:


Message History

The scorpion is severely wounded.
The magic dart hits the scorpion.
The scorpion is severely wounded.
The magic dart hits the scorpion.
The scorpion is severely wounded.
The scorpion stings you.
The magic dart hits the scorpion.
The scorpion is almost dead.
The scorpion closely misses you.
The magic dart hits the scorpion but does no damage.
The scorpion is almost dead.
The scorpion completely misses you. The scorpion barely misses you.
You hit the scorpion but do no damage.
The scorpion is almost dead.
The scorpion stings you.
You are lethally poisoned!
The scorpion poisons you!
Okay, then.
As you read the scroll labelled PUAJYN COUT, it crumbles to dust.
Magic quickly surges around you.
It was a scroll of vulnerability.
You feel very sick. The scorpion stings you.
* * * LOW HITPOINT WARNING * * *
Okay, then.
Hit: k) staff of air
Press: ? - help, Dir - move target, f/p - scorpion
Aim: a scorpion (almost dead, weak-willed, about 40% to evade your staff of air)
Okay, then.
Casting: Magic Dart (safe; 1% risk of failure)
Confirm with . or Enter, or press ? or * to list all spells.
Aiming: Magic Dart (safe; 1% risk of failure)
Press: ? - help, Shift-Dir - straight line, f/p - scorpion
Aim: a scorpion (almost dead, weak-willed, 100% to hit)
The magic dart hits the scorpion.
The scorpion is almost dead.
* * * LOW HITPOINT WARNING * * *
You feel sick.
The scorpion stings you but does no damage.
The scorpion stings you.
You die...

#.# #.. ........... #.#
#.### #.....## #..####.#
#... #......#.. #
.....###.#####.(.......
# ##..##.......#######.#
# #............###..
#####..##.)............
........#.#......#######
#####.#.......).@s......
# #####..#.....######. #
#.######## ###


You could see a scorpion (weak-willed).

Vanquished Creatures
  2 adders (D:2)
  7 ball pythons (D:1)
  2 endoplasms (D:1)
  4 goblins
  4 hobgoblins (D:1)
  2 jackals (D:1)
  4 kobolds
  2 quokkas
  2 bats
  3 frilled lizards (D:1)
  4 rats
36 creatures vanquished.

Notes
Turn   | Place    | Note
-------+----------+-------------------------------------------
     0 | D:1      | Graphine the Deep Elf Conjurer began the quest for the Orb.
     0 | D:1      | Reached XP level 1. HP: 10/10 MP: 6/6
    39 | D:1      | Reached XP level 2. HP: 3/16 MP: 1/8
   124 | D:1      | Learned a level 1 spell: Beastly Appendage
   580 | D:1      | Reached skill level 1 in Fighting
   580 | D:1      | Reached XP level 3. HP: 20/20 MP: 8/10
   946 | D:1      | Learned a level 3 spell: Spider Form
  1205 | D:2      | Noticed a scorpion
  1216 | D:2      | Slain by a scorpion

Illustrated notes

Levels and vault maps discovered:
D:1:      minmay_arrival_nine_rooms, layout_basic
D:2:      minmay_alternating_diamond, layout_rooms

Skill      XL: |  1  2  3 |
---------------+----------+-----
Fighting       | 1 |  1.2
Spellcasting   | 4 |  4.1
Dodging        | |  2.4
Stealth        | |  2.4
Conjurations   | |  4.9
Air Magic      | |  0.5

Action                     || total
---------------------------++-------
  Melee: Unarmed           ||     7
         Dagger            ||     3
         Short sword       ||     5
         Staff             ||     3
         Kick              ||     2
         Punch             ||     1
   Cast: Magic Dart        ||    67
         Beastly Appendage ||     4
         Spider Form       ||     2
    Use: Potion            ||     1
         Scroll            ||     6
 Armour: Robe              ||     7
  Dodge: Dodged            ||    17
